Map: Ghost River LE

Players

Shinso - Winner!

  • Race: Zerg Zerg
  • League: Gold
  • Spawn Location: 1:00

HOMIEG

  • Race: Protoss Protoss
  • League: Platinum
  • Spawn Location: 11:00

VOD

Have the link to the VOD?

Description

Time

  • Played on: May 29, 2024, 4:51 p.m.
  • Length: 12:15
Show
View Real Time Build Order
Export as new Build Order

Shinso Zerg - Winner!

Build Orders: Hatch First 

Get SALT Encoding   

  12  0:00  Drone  
  13  0:12  Overlord  
  13  0:17  Drone  
  14  0:31  Drone x2  
  16  0:49  Hatchery  
  15  0:53  Drone  
  15  0:56  Drone  
  17  1:11  Spawning Pool  
  17  1:14  Drone  
  17  1:17  Extractor  
  16  1:20  Drone  
  18  1:25  Drone  
  18  1:34  Drone  
  19  1:44  Overlord  
  19  1:52  Drone  
  20  2:01  Drone x2, Queen  
  22  2:03  Queen  
  26  2:13  Roach Warren  
  26  2:15  Drone  
  26  2:18  Drone  
  27  2:27  Drone x2  
  29  2:32  Overlord  
  29  2:39  Drone  
  30  2:46  Extractor  
  30  2:48  Metabolic Boost  
  29  2:56  Drone x3  
  29  2:58  Overlord  
  32  3:16  Roach x5  
  32  3:17  Roach  
  44  3:21  Roach  
  44  3:26  Roach  
  48  3:36  Drone x3  
  51  3:54  Drone  
  52  3:56  Hatchery  
  52  3:57  Overlord  
  52  3:58  Overlord  
  51  4:18  Roach x4  
  51  4:20  Overlord x2  
  55  4:25  Drone x3  
  55  4:29  Lair  
  57  4:34  Ravager  
  57  4:39  Roach x2  
  61  4:47  Drone x2  
  61  4:48  Drone x2  
  65  4:55  Overlord  
  65  5:02  Zergling x8  
  69  5:11  Lair  
  69  5:13  Spore Crawler  
  63  5:18  Zergling x6  
  62  5:28  Spore Crawler  
  53  5:29  Spore Crawler, Overlord  
  52  5:35  Overlord  
  52  5:45  Zergling x10  
  52  5:46  Zergling x2  
  51  6:03  Zergling x16  
  47  6:12  Hydralisk Den  
  47  6:17  Overlord x2  
  46  6:20  Drone  
  46  6:21  Drone  
  44  6:47  Roach x7  
  44  6:48  Roach  
  55  7:00  Muscular Augments  
  51  7:01  Hydralisk  
  52  7:11  Glial Reconstitution  
  52  7:15  Hydralisk x2  
  52  7:19  Drone x3  
  59  7:28  Hydralisk x2  
  63  7:31  Hydralisk  
  65  7:46  Drone x5  
  65  7:47  Drone x3  
  65  7:51  Hydralisk  
  73  7:57  Queen  
  77  8:03  Drone x2  
  77  8:04  Extractor, Grooved Spines  
  78  8:05  Drone, Extractor  
  78  8:12  Hydralisk x2  
  78  8:14  Roach  
  84  8:21  Queen  
  86  8:33  Hydralisk x4  
  94  8:47  Drone x5  
  94  8:48  Drone x2  
  101  8:52  Hydralisk x3  
  107  9:06  Roach x3  
  111  9:10  Overlord x3  
  107  9:19  Hydralisk x3  
  113  9:24  Drone  
  114  9:31  Ravager  
  114  9:32  Ravager  
  116  9:40  Drone x5  
  116  9:44  Overseer  
  119  9:47  Hatchery  
  106  10:04  Hydralisk  
  106  10:05  Hydralisk x6  
  107  10:11  Zergling x6  
  107  10:12  Zergling x14  
  106  10:23  Extractor  
  105  10:32  Overlord x3  
  105  10:34  Extractor  
  104  10:47  Zergling x2, Hydralisk  
  104  10:48  Roach x5, Hydralisk x3  
  104  10:49  Roach  
  118  10:57  Roach x6  
  117  11:02  Overlord x2  
  117  11:10  Roach x3  
  115  11:15  Hydralisk  
  115  11:16  Hydralisk x2  
  113  11:24  Drone x5  
  113  11:25  Drone  
  115  11:32  Hydralisk x2  
  111  11:33  Hydralisk  
  111  11:35  Zergling x2  
  115  11:47  Evolution Chamber  
  115  11:50  Ravager, Evolution Chamber  
  110  11:56  Ravager x2  
  112  12:01  Ravager  
Show
View Real Time Build Order
Export as new Build Order

HOMIEG Protoss 

Build Orders: Oracle Opening 

Get SALT Encoding   

  12  0:00  Probe  
  13  0:17  Pylon  
  13  0:18  Probe (Chrono Boost)  
  14  0:28  Probe (Chrono Boost)  
  15  0:33  Probe (Chrono Boost)  
  16  0:42  Gateway  
  16  0:46  Assimilator  
  16  0:47  Probe  
  17  0:59  Probe  
  18  1:11  Probe  
  19  1:21  Forge  
  19  1:23  Probe  
  20  1:30  Cybernetics Core  
  20  1:32  Zealot (Chrono Boost)  
  22  1:40  Pylon  
  22  1:53  Assimilator  
  22  1:59  Photon Cannon  
  22  2:09  Probe  
  23  2:21  Probe  
  23  2:22  Stargate  
  24  2:34  Probe, Nexus  
  25  2:37  Adept  
  25  2:38  Warp Gate (Chrono Boost)  
  27  2:52  Pylon  
  27  2:57  Probe  
  28  3:09  Probe  
  28  3:10  Oracle  
  28  3:12  Pylon  
  32  3:19  Stalker  
  34  3:23  Probe  
  35  3:44  Gateway  
  35  3:50  Probe x2  
  37  4:01  Protoss Ground Weapons Level 1  
  37  4:02  Probe  
  38  4:06  Probe  
  43  4:10  Void Ray  
  43  4:13  Gateway  
  41  4:36  Stalker  
  39  4:43  Stalker  
  38  5:04  Stalker  
  36  5:25  Probe  
  36  5:26  Probe  
  36  5:29  Gateway  
  36  5:31  Gateway  
  40  5:38  Probe x2, Pylon  
  40  5:40  Void Ray (Chrono Boost)  
  42  5:47  Stalker  
  43  5:50  Probe x2  
  40  6:02  Probe x2  
  42  6:14  Probe x2  
  42  6:17  Pylon  
  44  6:21  Pylon  
  44  6:24  Assimilator  
  44  6:26  Probe x2, Assimilator  
  46  6:34  Twilight Council, Protoss Shields Level 1  
  46  6:35  Gateway  
  46  6:38  Probe x2  
  47  6:40  Protoss Air Weapons Level 1 (Chrono Boost)  
  51  6:50  Probe x2  
  51  6:52  Void Ray  
  53  6:56  Stalker  
  53  7:02  Probe  
  54  7:10  Gateway  
  54  7:22  Gateway  
  54  7:26  Gateway  
  54  7:31  Photon Cannon  
  54  7:34  Probe  
  55  7:43  Pylon  
  55  7:46  Probe, Pylon  
  57  7:58  Probe  
  57  7:59  Blink (Chrono Boost), Pylon  
  61  8:10  Void Ray, Robotics Facility  
  61  8:15  Photon Cannon  
  61  8:23  Probe  
  62  8:36  Stalker  
  62  8:38  Nexus  
  64  8:52  Shield Battery  
  64  8:55  Stalker x2  
  64  8:56  Stalker x4  
  74  9:30  Void Ray  
  78  9:39  Stalker x4  
  78  9:40  Fleet Beacon  
  86  9:46  Pylon  
  86  9:48  Pylon  
  62  10:14  Stalker x2  
  62  10:15  Stalker x5  
  76  10:42  Nexus  
  66  11:00  Stalker  
  66  11:01  Stalker x4  
  66  11:02  Stalker  
  54  11:32  Stalker x5  
  60  11:39  Pylon  
  50  11:57  Stalker x4  
Tags
 
Add a new tag
Caveats
  • Supply blocks, unpowered buildings, or Contaminate may cause inaccurate times.
  • Supply counts are checked every 10 seconds.